 Dungeon Crawl Stone Soup version 0.32-a0-128-g77eb882913 (webtiles) character file.

Game seed: 6247224636573061579

2209 hikkokomori the Changeling (level 9, 0/13 HPs)
             Began as a Troll Brigand on Feb 8, 2024.
             Slain by a steam dragon (5 damage)
             ... on level 6 of the Dungeon.
             The game lasted 00:15:28 (4591 turns).

hikkokomori the Changeling (Troll Brigand)          Turns: 4591, Time: 00:15:29

Health: 0/13       AC:  9    Str: 37    XL:     9   Next: 13%
Magic:  8/8        EV:  7    Int:  7    God:
Gold:   570        SH:  0    Dex: 15    Spells: 8/8 levels left

rFire   + +          .
                       - Unarmed
rCold   x . .        (shield currently unavailable)
rNeg    . . .        b - melded +0 robe
rPois   +            (helmet currently unavailable)
rElec   .            c - melded +0 cloak
rCorr   .            (gloves unavailable)
SInv    .            (boots unavailable)
Will    .....        u - amulet of the acrobat
Stlth   ++           f - +6 ring of strength
HPRegen 1.02/turn    g - +4 ring of protection
MPRegen 0.11/turn

%: acrobat
@: short of breath, dragon-form, flying
A: dragon claw, dragon scales, breathe fire, flying, reduced hp, giant,
unfitting armour, (claws 3), regeneration 1, (shaggy fur 1), (tough skin 1)
a: Breathe Fire, Begin Untransformation


You were on level 6 of the Dungeon.
You were a fearsome dragon!
You visited 1 branch of the dungeon, and saw 6 of its levels.
You also visited: Ossuary.

You collected 570 gold pieces.

Inventory:

Hand Weapons
 a - a +3 dagger
Missiles
 d - 23 poisoned darts
 e - 4 curare-tipped darts
 j - 2 throwing nets (quivered)
Armour
 b - a +0 robe (melded)
 c - a +0 cloak (melded)
Jewellery
 f - a +6 ring of strength (left foreclaw)
 g - a +4 ring of protection (right foreclaw)
 h - a ring of resist corrosion
 u - an amulet of the acrobat (around neck)
 y - a ring of protection from fire
Talismans
 t - a dragon-blood talisman (active)
Wands
 k - a wand of polymorph (12)
 w - a wand of flame (33)
 B - a wand of mindburst (15)
Scrolls
 i - 2 scrolls of immolation
 n - 3 scrolls of teleportation
 o - a scroll of amnesia {unknown}
 q - 2 scrolls of enchant armour
 s - 3 scrolls of vulnerability
 C - a scroll of summoning {unknown}
 D - 2 scrolls of identify
Potions
 l - a potion of resistance
 m - a potion of cancellation {unknown}
 p - 2 potions of lignification
 r - a potion of attraction {unknown}
 v - 5 potions of might {unknown}
 x - a potion of magic {unknown}
 z - a potion of mutation {unknown}
 A - a potion of brilliance {unknown}
 E - a potion of ambrosia


   Skills:
 + Level 5.0 Fighting
 - Level 1.5 Short Blades
 - Level 5.0 Throwing
 - Level 0.7 Dodging
 - Level 2.1 Stealth
 + Level 5.2 Unarmed Combat
 + Level 2.3 Evocations
 - Level 6.0 Shapeshifting


You had 8 spell levels left.
You didn't know any spells.
Your spell library contained the following spells:

 Spells                   Type           Power      Damage    Failure   Level
 Magic Dart               Conj           0%         1d3       43%         1
 Blink                    Tloc           0%         N/A       56%         2
 Call Imp                 Summ           0%         N/A       56%         2
 Ensorcelled Hibernation  Hex/Ice        0%         N/A       56%         2
 Passwall                 Erth           0%         N/A       80%         3
 Swiftness                Air            0%         N/A       80%         3
 Haunt                    Necr/Summ      0%         N/A       100%        7
 Borgnjor's Revivificati  Necr           0%         N/A       100%        8
 Death's Door             Necr           0%         N/A       100%        9


Dungeon Overview and Level Annotations

Branches:
Dungeon (6/15)            Ossuary (visited)
 Temple: D:4-7

Altars:
Cheibriados
Elyvilon
Gozag
Makhleb
Trog
Yredelemnul
Zin

Shops:
D:5 :


Innate Abilities, Weirdness & Mutations

You are a fearsome dragon!
You have a powerful clawing attack.
Your giant scaled body is strong and resilient, but less evasive.
You can breathe fire.
You are flying.
Your maximum health is decreased, since you lack skill for your form.
Your armour is entirely melded.
You are incapable of wielding weapons or throwing items.
You are too large for most types of armour.
((You have claws for hands.))
Your natural rate of healing is unusually fast.
((You are covered in fur. (AC +1)))
((You have tough skin. (AC +1)))


Message History

Aim: an adder (57% to hit)
You breathe a blast of fire.
The fiery breath hits the adder!
You kill the adder!
Found a falchion.
You see here a +0 falchion.
Found a flux talisman.
A steam dragon comes into view.
The steam dragon hisses angrily.
You can't do that yet.
Unknown command.
You have got your breath back.
Aiming: Breathe Fire (1% risk of failure)
Press: ? - help, Shift-Dir - straight line, f - steam dragon
Aim: a steam dragon (74% to hit)
You breathe a blast of fire.
The fiery breath misses the steam dragon.
Aiming: Mindburst
Press: ? - help, Shift-Dir - straight line, f/p - steam dragon
Aim: a steam dragon (chance to affect: 74%)
The steam dragon struggles to resist.
Aiming: Mindburst
Press: ? - help, Shift-Dir - straight line, f/p - steam dragon
Aim: a steam dragon (chance to affect: 74%)
The steam dragon struggles to resist.
You barely miss the steam dragon.
The steam dragon bites you but does no damage.
The steam dragon claws you but does no damage.
You claw the steam dragon! You tail-slap the steam dragon.
You bite the steam dragon!
The steam dragon is almost dead.
The steam dragon bites you.
The steam dragon claws you but does no damage.
You closely miss the steam dragon.
The steam dragon is almost dead.
The steam dragon bites you. The steam dragon closely misses you.
Unknown command.
You hit the steam dragon but do no damage.
The steam dragon is severely wounded.
The steam dragon bites you.
You die...

...#####.######.#.
#+#.....)........#.
#.#..####.########.
#.#..#........#
#.#........##.#
#.#.##.#####
#.#%##.# ##.#....#
#..D.#### #..D.+
#....# #....#
#....# #...○#
#....# #....#


You could see a steam dragon.

Vanquished Creatures
  Grinder (D:3)
  Sigmund (D:6)
  Duvessa (D:5)
  A sky beast (D:4)
  An ice beast (D:5)
  A black bear (D:5)
  An ogre (D:6)
  A phantom (D:5)
  2 weeping skulls (Ossuary)
  2 kobold brigands (D:5)
  4 wights (D:6)
  Dowan (D:5)
  A bombardier beetle (D:3)
  A centaur zombie (Ossuary)
  2 bullfrog zombies (D:5)
  3 hounds (D:5)
  2 orc priests
  2 human zombies (Ossuary)
  2 iguanas (D:5)
  4 orc wizards
  A hound zombie (Ossuary)
  3 mummies
  A howler monkey zombie (Ossuary)
  4 gnolls (D:2)
  11 adders
  4 dart slugs
  5 ribbon worms
  9 orcs
  5 ball pythons
  7 bats
  5 endoplasms
  3 giant cockroaches
  3 goblins
  6 hobgoblins
  3 jackals (D:1)
  26 kobolds
  5 frilled lizards
  2 rats (D:1)
137 creatures vanquished.

Notes
Turn   | Place    | Note
-------+----------+-------------------------------------------
     0 | D:1      | hikkokomori the Troll Brigand began the quest for the Orb.
     0 | D:1      | Reached XP level 1. HP: 19/19 MP: 0/0
   128 | D:1      | Reached skill level 1 in Unarmed Combat
   131 | D:1      | Reached XP level 2. HP: 27/27 MP: 1/1
   477 | D:1      | Found a faded altar of an unknown god.
   742 | D:2      | Reached XP level 3. HP: 33/33 MP: 2/2
   752 | D:2      | Reached XP level 4. HP: 41/41 MP: 3/3
  1487 | D:3      | Reached skill level 1 in Shapeshifting
  1487 | D:3      | Reached XP level 5. HP: 22/48 MP: 4/4
  1544 | D:3      | Found an opulent altar of Gozag.
  1725 | D:3      | Identified the +1 hand axe of Peace {freeze, rC+}
  1885 | D:3      | Noticed Grinder
  1899 | D:3      | Killed Grinder
  1900 | D:3      | Reached skill level 4 in Shapeshifting
  1900 | D:3      | Reached XP level 6. HP: 34/55 MP: 5/5
  2438 | D:4      | Found a snail-covered altar of Cheibriados.
  2610 | D:4      | Found a burning altar of Makhleb.
  2623 | D:4      | Reached XP level 7. HP: 9/65 MP: 6/6
  2698 | D:4      | Found a glowing silver altar of Zin.
  3201 | D:5      | Entered Level 5 of the Dungeon
  3207 | D:5      | Found a white marble altar of Elyvilon.
  3290 | D:5      | Found a sand-covered staircase.
  3356 | Ossuary  | Entered an ossuary
  3356 | Ossuary  | Found a huge runed translucent gate.
  3356 | Ossuary  | Found a huge runed translucent gate.
  3356 | Ossuary  | Found a huge runed translucent gate.
  3356 | Ossuary  | Found a huge runed translucent gate.
  3356 | Ossuary  | Found a huge runed translucent gate.
  3356 | Ossuary  | Found a huge runed translucent gate.
  3356 | Ossuary  | Found a huge runed translucent gate.
  3356 | Ossuary  | Found a huge runed translucent gate.
  3357 | Ossuary  | Found a huge runed translucent gate.
  3357 | Ossuary  | Found a huge runed translucent gate.
  3357 | Ossuary  | Found a huge runed translucent gate.
  3358 | Ossuary  | Found a huge runed translucent gate.
  3358 | Ossuary  | Found a huge runed translucent gate.
  3360 | Ossuary  | Found a huge runed translucent gate.
  3360 | Ossuary  | Found a huge runed translucent gate.
  3362 | Ossuary  | Found a huge runed translucent gate.
  3362 | Ossuary  | Found a huge runed translucent gate.
  3362 | Ossuary  | Found a huge runed translucent gate.
  3362 | Ossuary  | Found a huge runed translucent gate.
  3363 | Ossuary  | Found a huge runed translucent gate.
  3367 | Ossuary  | Reached skill level 5 in Shapeshifting
  3373 | Ossuary  | Found a huge runed translucent gate.
  3373 | Ossuary  | Found a huge runed translucent gate.
  3374 | Ossuary  | Found a huge runed translucent gate.
  3374 | Ossuary  | Found a huge runed translucent gate.
  3375 | Ossuary  | Found a huge runed translucent gate.
  3375 | Ossuary  | Found a huge runed translucent gate.
  3376 | Ossuary  | Found a huge runed translucent gate.
  3376 | Ossuary  | Found a huge runed translucent gate.
  3381 | Ossuary  | Found a huge runed translucent gate.
  3381 | Ossuary  | Found a huge runed translucent gate.
  3391 | Ossuary  | Found a huge runed translucent gate.
  3391 | Ossuary  | Found a huge runed translucent gate.
  3391 | Ossuary  | Found a huge runed translucent gate.
  3391 | Ossuary  | Found a huge runed translucent gate.
  3391 | Ossuary  | Found a huge runed translucent gate.
  3546 | D:5      | Noticed Dowan
  3556 | D:5      | Killed Dowan
  3558 | D:5      | Noticed Duvessa
  3569 | D:5      | Killed Duvessa
  3570 | D:5      | Reached XP level 8. HP: 75/75 MP: 7/7
  3669 | D:5      | Found Joadepaw's Book Shoppe.
  3766 | D:5      | Reached skill level 6 in Shapeshifting
  3779 | D:5      | Found a basalt altar of Yredelemnul.
  3932 | D:5      | Found a bloodstained altar of Trog.
  4053 | D:5      | Reached skill level 1 in Evocations
  4319 | D:5      | Reached skill level 5 in Throwing
  4470 | D:6      | Noticed Sigmund
  4471 | D:6      | Killed Sigmund
  4484 | D:6      | Reached XP level 9. HP: 12/85 MP: 8/8
  4505 | D:6      | Reached skill level 5 in Unarmed Combat
  4540 | D:6      | Reached skill level 5 in Fighting
  4591 | D:6      | Slain by a steam dragon

Illustrated notes

Levels and vault maps discovered:
D:1:      dpeg_arrival_boxes_within_box, layout_rooms,
          chequers_ecumenical_altar_island, nrook_loot_triangle
D:2:      layout_rooms, serial_forest, infiniplex_forest_straight_1,
          infiniplex_forest_clump_diagonal, infiniplex_forest_clump_small,
          infiniplex_forest_lined_room_3, infiniplex_forest_straight_2,
          infiniplex_forest_clump_cross, infiniplex_forest_corner_1,
          infiniplex_forest_lined_room_2
D:3:      layout_loops_corners, nicolae_gozag_seed_capital, uniq_grinder
D:4:      layout_basic, general_overflow_altar, zin_statuary,
          kennysheep_slug_shrine
D:5:      kennysheep_kobold_camp, layout_rooms, nicolae_overflow_crystal_walls,
          nicolae_elyvilon_temple_path, lemuel_zombie_altar_yredelemnul,
          gup_ossuary_entry_pyramid, serial_shops, shop,
          minmay_misc_feat_square, blue_anna_alchemist, minmay_bent,
          uniq_duvessa
D:6:      layout_basic, uniq_sigmund, uniq_pikel

Skill      XL: |  1  2  3  4  5  6  7  8  9 |
---------------+----------------------------+-----
Throwing       | 2 3 5 |  5.0
Unarmed Combat | 1 2 3 4 5 |  5.2
Shapeshifting  | 1 4 5 6 |  6.0
Fighting       | 2 3 4 5 |  5.0
Evocations     | 1 2 |  2.3
Short Blades   | |  1.5
Dodging        | |  0.7
Stealth        | |  2.1

Action                     |  1- 3 |  4- 6 |  7- 9 || total
---------------------------+-------+-------+-------++-------
  Melee: Unarmed           |    42 |    84 |   148 ||   274
         Punch             |       |     3 |    10 ||    13
         Tailslap          |       |     1 |     3 ||     4
         Bite              |       |       |     1 ||     1
  Throw: Dart              |     9 |     8 |     8 ||    25
         Stone             |       |    38 |       ||    38
         Throwing net      |       |       |     2 ||     2
Ability: Breathe Fire      |       |    10 |    14 ||    24
  Evoke: Wand              |       |       |     3 ||     3
    Use: Scroll            |       |     5 |     5 ||    10
   Stab: Sleeping          |     3 |     2 |     2 ||     7
         Held in net/web   |       |       |     1 ||     1
 Armour: Robe              |    27 |    21 |   117 ||   165
         Skin              |       |    20 |    26 ||    46
  Dodge: Dodged            |    25 |    28 |    74 ||   127
   Form: Dragon            |       |     2 |     1 ||     3
                           |       |     1 |     1 ||     2

Table legend: (Time is in decaauts)
 A = Elapsed time spent in this place.
 B = Non-inter-level travel time spent in this place.
 C = Inter-level travel time spent in this place.
 D = Time resting spent in this place.
 E = Time spent auto-exploring this place.
 F = Levels seen in this place.
 G = Mean time per level.
                   A        B        C        D        E       F      G
               +--------+--------+--------+--------+--------+-----+--------+
         Total |   4564 |   4441 |    123 |    171 |   3162 |   7 |  652.0 |
       Dungeon |   4424 |   4301 |    123 |    171 |   3103 |   6 |  737.3 |
       Ossuary |    140 |    140 |      0 |      0 |     59 |   1 |  140.0 |
               +--------+--------+--------+--------+--------+-----+--------+

Top non-repeatable levels by time:
     D:5: 1082 daAuts
     D:3: 1000 daAuts
     D:4: 814 daAuts
     D:1: 696 daAuts
     D:2: 676 daAuts
     D:6: 153 daAuts
 Ossuary: 140 daAuts
